 Dungeon Crawl Stone Soup version 0.19.1 (webtiles) character file.

235696 hullu the Brawler (level 18, -27/174 HPs)
             Began as a Demonspawn Fighter on Nov 30, 2016.
             Was the Champion of Qazlal.
             Killed by the air
             ... invoked by Ruhixautt the Cloud Mage
              (44 damage)
             ... in a wizard's laboratory on Dec 1, 2016.
             The game lasted 03:05:15 (32075 turns).

hullu the Brawler (Demonspawn Fighter)             Turns: 32075, Time: 03:05:16

Health: -27/174    AC: 28    Str: 25    XL:     18   Next: 91%
Magic:  47/47      EV: 15    Int:  8    God:    Qazlal [******]
Gold:   497        SH: 22    Dex: 15    Spells: 3 memorised, 18 levels left

rFire  + + .     SeeInvis .       - Unarmed
rCold  + . .     Gourm    .     o - +8 swamp dragon scales "Tuan" {rPois rF+ MP+9}
rNeg   + + +     Faith    .     c - +0 shield
rPois  +         Spirit   .     y - +1 helmet
rElec  +         Reflect  .     R - +1 cloak
rCorr  .         Harm     +     (gloves unavailable)
MR     +....                    (no boots)
Stlth  +.........               e - amulet "Pula" {Harm *Drain Str+3 Int-4}
                                C - ring "Qeosoq" {*Drain rElec rPois rF+ rN++ MP+9}
                                U - ring of positive energy

@: protected from electricity, flying (expiring), repel missiles
A: claws 3, talons 1, icy blue scales 3, blink, clever 1, demonic guardian 2,
powered by death 3, robust 2
a: Blink, Upheaval, Elemental Force, Disaster Area, Renounce Religion
}: 1/15 runes: gossamer


You were in a wizard's laboratory.
You worshipped Qazlal.
Qazlal was exalted by your worship.
You were not hungry.

You visited 7 branches of the dungeon, and saw 32 of its levels.
You also visited: Sewer and Wizlab.

You collected 3652 gold pieces.
You spent 3155 gold pieces at shops.

Inventory:

Hand Weapons
 a - a +0 broad axe of freezing
Armour
 c - a +0 shield (worn)
 o - the +8 swamp dragon scales "Tuan" (worn) {rPois rF+ MP+9}
   (You bought it in a shop on level 2 of the Orcish Mines)

   It protects you from fire.
   It protects you from poison.
   It affects your magic capacity (+9).
 y - a +1 helmet (worn)
 R - a +1 cloak (worn)
Jewellery
 e - the amulet "Pula" (around neck) {Harm *Drain Str+3 Int-4}
   (You acquired it on level 10 of the Dungeon)

   [amulet of harm]

   It increases damage dealt and taken.
   It affects your strength (+3).
   It affects your intelligence (-4).
   It causes draining when unequipped.
 w - an uncursed ring of protection from fire
 B - an uncursed ring of wizardry
 C - the ring "Qeosoq" (right claw) {*Drain rElec rPois rF+ rN++ MP+9}
   (You acquired it on level 10 of the Dungeon)

   [ring of protection from fire]

   It protects you from fire.
   It insulates you from electricity.
   It protects you from poison.
   It greatly protects you from negative energy.
   It affects your magic capacity (+9).
   It causes draining when unequipped.
 U - a ring of positive energy (left claw)
Wands
 m - a wand of flame (4/48)
 D - a wand of slowing (17/48)
 G - a wand of teleportation (2/9)
 H - a wand of lightning (6/15)
 L - a wand of digging (16/24)
 X - a wand of confusion (24/48)
Scrolls
 b - 2 scrolls of enchant armour
 d - 11 scrolls of teleportation
 h - 6 scrolls of magic mapping
 j - 10 scrolls of identify
 v - 6 scrolls of fear
 A - 2 scrolls of enchant weapon
 O - 3 scrolls of amnesia
 P - a scroll of blinking
 S - 8 scrolls of remove curse
Potions
 k - 4 potions of heal wounds
 n - 7 potions of flight
 p - 2 potions of cure mutation
 s - 7 potions of curing
 x - 7 potions of magic
 z - 2 potions of berserk rage
 E - 5 potions of resistance
 I - 2 potions of cancellation
 M - 3 potions of ambrosia
 N - 2 potions of might
 Q - 5 potions of agility
 T - 4 potions of brilliance
 W - 3 potions of haste
 Y - a potion of invisibility
Miscellaneous
 l - a box of beasts
 r - a sack of spiders
 J - a phial of floods
 Z - a lamp of fire (inert)
Comestibles
 f - 24 bread rations
 g - 6 beef jerkies
 i - 14 meat rations
 q - 12 chunks of flesh
 t - a slice of pizza
 F - 4 royal jellies
 K - 5 fruits


   Skills:
 + Level 13.8 Fighting
 - Level 5.1 Axes
 + Level 13.3 Armour
 + Level 7.1 Dodging
 + Level 13.1 Shields
 * Level 16.9 Unarmed Combat
 - Level 4.0 Spellcasting
 - Level 5.0 Hexes
 - Level 5.0 Transmutations
 + Level 14.8 Invocations


You had 18 spell levels left.
You knew the following spells:

 Your Spells              Type           Power        Failure   Level  Hunger
a - Blade Hands           Tmut           #.........   99%         5    ######.
b - Beastly Appendage     Tmut           #.....       8%          1    #......
c - Confusing Touch       Hex            #.....       8%          1    #......


Dungeon Overview and Level Annotations

Branches:
Dungeon (15/15)            Temple (1/1) D:7            Lair (6/6) D:11
 Shoals (1/4) Lair:3       Spider (4/4) Lair:4        Slime (0/5) Lair:6
    Orc (2/2) D:11            Elf (0/3) Orc:2        Vaults (3/5) D:13
  Crypt (0/3) Vaults:3     Depths (0/5) D:15

Altars:
Ashenzari
Cheibriados
Dithmenos
Elyvilon
Fedhas
Gozag
Hepliaklqana
Kikubaaqudgha
Makhleb
Nemelex Xobeh
Okawaru
Qazlal
Ru
Sif Muna
Trog
Uskayaw
Vehumet
Xom
Yredelemnul
Zin
The Shining One
Beogh

Shops:
D:7 (   D:14 [   Orc:2 *=[(   Vaults:3 [!


Innate Abilities, Weirdness & Mutations

You have claws for hands.
You are completely covered in icy blue scales. (AC +4, rC+)
A demonic guardian rushes to your aid.
You regenerate a lot of health from kills.
You have sharp toenails.
You can translocate small distances at will.
Your mind is acute. (Int +2)
You are very robust. (+20% HP)


Message History

The vortex of raging winds lifts you up.
You fly up into the air.
* * * LOW HITPOINT WARNING * * *
You block Ruhixautt's attack.
Okay, then.
Okay, then.
You feel much better. Ruhixautt hits you but does no damage.
You claw Ruhixautt!
Ruhixautt is almost dead.
* * * LOW HITPOINT WARNING * * *
You block Ruhixautt's attack.
You scratch Ruhixautt but do no damage.
Ruhixautt is almost dead.
* * * LOW HITPOINT WARNING * * *
You feel much better.
* * * LOW HITPOINT WARNING * * *
The winds around Ruhixautt start to calm down.
Ruhixautt waves her arms in wide circles.
The air twists around and violently strikes you in flight!
You die...

≈≈≈≈≈≈≈≈≈≈≈≈≈≈≈≈≈≈≈≈≈≈≈≈...▓▓▓≈≈≈
≈≈≈####################≈≈≈...▓▓≈≈
≈### ##############≈≈≈≈≈..▓≈≈ ##
#.§#§§#§§#§§##≈≈≈≈≈≈.▓▓≈
§§§§§§§§§§§§§§#≈≈≈≈≈≈..▓≈
§.§§§§§§§§§§§§#≈≈≈≈≈≈≈.▓▓
§§§§§§§§§§§§§§#≈≈≈≈≈≈≈..▓
...§§§§§@§§§§§'.........▓
§..§§§§§@§§§§§#≈≈≈≈≈≈≈..▓
...§§§§§§§§§§§#≈≈≈≈≈≈≈.▓▓
...§§§§§§§§§§§#≈≈≈≈≈≈..▓≈ ##
§#.§#§§#§§#§§##≈≈≈≈≈≈.▓▓≈ ≈###
##############≈≈≈≈≈..▓≈≈
≈≈≈####################≈≈≈...▓▓≈≈
≈≈≈≈≈≈≈≈≈≈≈≈≈≈≈≈≈≈≈≈≈≈≈≈...▓▓▓≈≈≈
.........................▓▓▓≈≈≈≈≈
▓▓▓▓▓▓▓▓▓▓▓▓▓▓▓▓▓▓▓▓▓▓▓▓▓▓≈≈≈≈≈≈≈


You could see Ruhixautt the Cloud Mage.

Vanquished Creatures
  Saint Roka (Orc:2)
  Arachne (Spider:2)
  A lich (Vaults:2)
  Asterion (Vaults:1)
  Kirke (Spider:2)
  2 fire giants
  An orc warlord (Orc:1)
  Aizul (Shoals:1)
  2 vault wardens (Vaults:1)
  4 ghost moths (Spider:4)
  4 emperor scorpions
  4 ironheart preservers
  2 stone giants (Vaults:2)
  8 entropy weavers
  Nessos (D:14)
  4 spark wasps
  A deep elf death mage (Vaults:1)
  5 yaktaur captains
  2 fire dragons
  5 great orbs of eyes
  4 ogre magi
  2 rakshasas
  3 ice dragons
  8 hydras
  A vault guard (Vaults:2)
  2 spriggan air magi (WizLab)
  2 death knights
  7 centaur warriors
  A deep troll earth mage (Vaults:3)
  The ghost of hullu the Cleaver, a novice DsFi of Qazlal (D:8)
  2 orc high priests (Orc:2)
  3 deep elf knights
  A shadow wraith (Vaults:2)
  5 skeletal warriors
  A fire crab (shapeshifter) (Vaults:2)
  2 unseen horrors
  A deep troll (Vaults:3)
  A wizard (Vaults:2)
  A glowing orange brain (D:15)
  9 orc knights
  6 ironbrand convokers
  8 deep elf archers
  6 hill giants
  5 harpies (Vaults:3)
  A necromancer (Vaults:2)
  14 orb spiders
  26 wolf spiders
  3 orc sorcerers
  3 fauns (Shoals:1)
  36 ugly things
  5 deep elf magi
  9 manticores
  3 moths of wrath
  9 cyclopes
  7 vault sentinels
  A black mamba (shapeshifter) (Vaults:1)
  11 elephants (Lair:6)
  3 centaur zombies
  7 black mambas
  2 centaur skeletons (D:14)
  A guardian serpent (Lair:6)
  A spiny frog (shapeshifter) (D:15)
  An eye of devastation (Lair:6)
  14 spiny frogs
  2 torpor snails
  A kobold demonologist (D:15)
  6 komodo dragons
  21 demonic crawlers
  6 rime drakes
  2 freezing wraiths
  19 yaktaurs
  4 harpy zombies (Shoals:1)
  3 meliai (D:14)
  27 jumping spiders
  2 tengu simulacra (Vaults:2)
  2 human skeletons (Vaults:2)
  9 wind drakes
  12 hornets
  11 trolls
  5 two-headed ogres
  2 polar bears (Lair:6)
  2 hippogriffs (shapeshifter)
  17 slime creatures
  9 dream sheep
  5 hippogriffs
  15 blink frogs
  A snapping turtle (Shoals:1)
  A centaur simulacrum (D:15)
  A spriggan (D:7)
  75 redbacks
  2 water elementals
  A wraith (Vaults:1)
  A shadow (D:13)
  39 tarantellas
  43 yaks
  11 wyverns
  9 basilisks
  21 air elementals (WizLab)
  A hog (Spider:2)
  3 humans
  A hungry ghost (D:15)
  Menkaure (D:7)
  4 wargs
  4 mottled dragons
  A soldier ant (shapeshifter) (D:15)
  10 insubstantial wisps (WizLab)
  A soldier ant (D:14)
  9 porcupines
  13 water moccasins
  6 sky beasts
  A swamp drake (Lair:6)
  37 orc warriors
  2 black bears
  3 necrophages
  An ice beast (D:9)
  3 phantoms
  18 wolves
  An eye of draining (Lair:6)
  7 boggarts
  31 ogres
  2 crocodiles (shapeshifter)
  9 centaurs
  11 crocodiles
  5 big kobolds
  A hippogriff zombie (Shoals:1)
  16 bullfrogs
  A gnoll sergeant (Orc:1)
  A wyvern skeleton (D:11)
  A scorpion (D:12)
  An orc simulacrum (Vaults:2)
  4 killer bees
  6 wights
  11 howler monkeys
  7 electric eels
  2 bullfrog zombies
  10 crimson imps
  A quasit (D:11)
  4 jellies
  11 hounds
  22 orc wizards
  16 orc priests
  6 iguanas
  A bullfrog skeleton (D:12)
  13 worker ants
  A hound skeleton (D:9)
  2 worker ant zombies
  5 gnolls (Orc:1)
  16 adders
  A river rat (Sewer)
  4 shadow imps
  3 oozes (Sewer)
  2 adder skeletons
  9 worms
  A dart slug (D:1)
  5 leopard geckos
  87 orcs
  5 giant cockroaches
  7 goblins
  9 hobgoblins
  3 jackals
  16 kobolds
  4 quokkas
  3 ball pythons
  6 bats
  5 frilled lizards
  A leopard gecko skeleton (D:4)
  A leopard gecko zombie (D:6)
  34 rats
  37 fungi
  32 plants
1296 creatures vanquished.

Vanquished Creatures (collateral kills)
  Nikola (Vaults:1)
  A deep elf sorcerer (Vaults:2)
  3 vault wardens
  A yaktaur captain (Vaults:1)
  A great orb of eyes (Vaults:2)
  A hydra (Lair:1)
  A deep troll shaman (Vaults:3)
  4 deep elf knights
  A skeletal warrior (Vaults:2)
  A deep elf archer (Vaults:3)
  A wizard (D:13)
  A deep troll (Vaults:3)
  3 deep elf magi (Vaults:2)
  5 ugly things
  A vault sentinel (Vaults:3)
  2 yaktaurs
  A freezing wraith (Vaults:2)
  A two-headed ogre (D:11)
  A hippogriff (D:13)
  A hornet (Spider:4)
  A slime creature (Vaults:1)
  3 redbacks
  Sigmund (D:6)
  A tarantella (Spider:2)
  2 sky beasts
  2 ogres
  A boggart (Vaults:1)
  A wolf (Lair:6)
  Blork the orc (D:6)
  A bullfrog (D:12)
  A howler monkey (D:10)
  2 orc wizards (D:6)
  2 adders
  3 orcs
  A kobold (D:2)
55 creatures vanquished.

Vanquished Creatures (others)
  4 humans (Spider:2)
  A yak (Lair:4)
  An orc wizard (Orc:2)
  An adder (Lair:6)
  20 fungi
  29 plants
56 creatures vanquished.

Grand Total: 1407 creatures vanquished

Notes
Turn   | Place    | Note
-------+----------+-------------------------------------------
     0 | D:1      | hullu the Demonspawn Fighter began the quest for the Orb.
     0 | D:1      | Reached XP level 1. HP: 18/18 MP: 1/1
   228 | D:1      | Gained mutation: A weak demonic guardian rushes to your aid. [demonic ancestry]
   228 | D:1      | Reached XP level 2. HP: 21/24 MP: 2/2
   755 | D:2      | Gained mutation: You are robust. (+10% HP) [potion of beneficial mutation]
  1070 | D:2      | Reached XP level 3. HP: 15/31 MP: 3/3
  1694 | D:2      | Gained mutation: You have sharp fingernails. [demonic ancestry]
  1694 | D:2      | Reached XP level 4. HP: 24/38 MP: 4/4
  1924 | D:3      | Noticed a sky beast
  1934 | D:3      | Killed a sky beast
  1934 | D:3      | Reached XP level 5. HP: 37/46 MP: 5/5
  2528 | D:3      | Found a bloodstained altar of Trog.
  2689 | D:4      | Noticed an ogre
  2694 | D:4      | Killed an ogre
  2694 | D:4      | Gained mutation: You have very sharp fingernails. [demonic ancestry]
  2694 | D:4      | Reached XP level 6. HP: 39/52 MP: 6/6
  2722 | D:4      | Found a glowing drain.
  2736 | Sewer    | Entered a sewer
  3094 | Sewer    | Gained mutation: Your mind is acute. (Int +2) [potion of mutation]
  3094 | Sewer    | Gained mutation: You have sharp toenails. [potion of mutation]
  3094 | Sewer    | Gained mutation: You are very robust. (+20% HP) [potion of mutation]
  3102 | Sewer    | Reached XP level 7. HP: 55/66 MP: 7/7
  3353 | D:4      | Found a shadowy altar of Dithmenos.
  3404 | D:5      | Entered Level 5 of the Dungeon
  3445 | D:5      | Reached skill level 1 in Unarmed Combat
  4533 | D:6      | Noticed Blork the orc
  4546 | D:6      | Killed Blork the orc
  4547 | D:6      | Reached skill level 5 in Axes
  4548 | D:6      | Reached skill level 5 in Fighting
  4562 | D:6      | Gained mutation: You have claws for hands. [demonic ancestry]
  4562 | D:6      | Reached XP level 8. HP: 24/74 MP: 8/8
  4655 | D:6      | Reached skill level 2 in Unarmed Combat
  4964 | D:6      | Reached skill level 5 in Shields
  4986 | D:6      | Found a glowing golden altar of the Shining One.
  4986 | D:6      | Found a faded altar of an unknown god.
  4991 | D:6      | Found an iron altar of Okawaru.
  4993 | D:6      | Found a hide-covered altar of Uskayaw.
  4995 | D:6      | Found a burning altar of Makhleb.
  5128 | D:6      | Found a radiant altar of Vehumet.
  5233 | D:6      | Noticed Sigmund
  5246 | D:6      | Killed Sigmund
  5246 | D:6      | Reached skill level 5 in Armour
  5246 | D:6      | Reached skill level 3 in Unarmed Combat
  5275 | D:7      | Noticed Menkaure
  5282 | D:7      | Killed Menkaure
  5307 | D:7      | Found Nog Zadd's Weapon Emporium.
  5333 | D:7      | Reached skill level 4 in Unarmed Combat
  5414 | D:7      | Reached XP level 9. HP: 27/80 MP: 9/9
  5741 | D:7      | Found a staircase to the Ecumenical Temple.
  5748 | Temple   | Entered the Ecumenical Temple
  5794 | Temple   | Became a worshipper of Qazlal Stormbringer
  6055 | D:7      | Found a white marble altar of Elyvilon.
  6308 | D:7      | Reached skill level 5 in Unarmed Combat
  7705 | D:8      | Noticed hullu's ghost (novice DsFi)
  7726 | D:8      | Killed hullu's ghost
  7726 | D:8      | Reached skill level 6 in Unarmed Combat
  7787 | D:8      | Reached * piety under Qazlal
  7802 | D:8      | Gained mutation: You regenerate a little health from kills. [demonic ancestry]
  7802 | D:8      | Reached XP level 10. HP: 70/92 MP: 10/10
  7814 | D:8      | Found a sacrificial altar of Ru.
  7877 | D:8      | Found a deep blue altar of Sif Muna.
  7986 | D:8      | Found a shimmering altar of Xom.
  8352 | D:9      | Reached skill level 7 in Unarmed Combat
  8600 | D:9      | Got a shimmering dagger
  8601 | D:9      | Identified the +5 dagger of Annihilation {pierce, *Slow rElec rPois Int+6} (You found it on level 9 of the Dungeon)
  9061 | D:10     | Entered Level 10 of the Dungeon
  9135 | D:10     | Found an iron altar of Okawaru.
  9432 | D:10     | Reached ** piety under Qazlal
  9432 | D:10     | Reached skill level 8 in Unarmed Combat
  9491 | D:10     | Identified 2 scrolls of acquirement
  9492 | D:10     | Got a flickering bone ring
  9493 | D:10     | Identified the ring "Qeosoq" {*Drain rElec rPois rF+ rN++ MP+9} (You acquired it on level 10 of the Dungeon)
  9610 | D:10     | Got an encrusted ring mail
  9621 | D:10     | Identified the cursed +1 ring mail of Tempters {rElec rN+ Dex+4} (You found it on level 10 of the Dungeon)
  9634 | D:10     | Got a shimmering emerald amulet
  9635 | D:10     | Identified the amulet "Pula" {Harm *Drain Str+3 Int-4} (You acquired it on level 10 of the Dungeon)
  9746 | D:11     | Found a staircase to the Orcish Mines.
  9781 | D:11     | Noticed an orc knight
  9805 | D:11     | Killed an orc knight
  9805 | D:11     | Reached skill level 1 in Invocations
  9885 | D:11     | Reached *** piety under Qazlal
  9922 | D:11     | Noticed a manticore
  9928 | D:11     | Killed a manticore
  9928 | D:11     | Gained mutation: You are partially covered in icy blue scales. (AC +2) [demonic ancestry]
  9928 | D:11     | Reached XP level 11. HP: 101/101 MP: 12/12
  9940 | D:11     | Found a staircase to the Lair.
 10504 | D:11     | Noticed a hill giant
 10514 | D:11     | Killed a hill giant
 10514 | D:11     | Reached skill level 9 in Unarmed Combat
 10987 | D:12     | Noticed a purple ugly thing
 11001 | D:12     | Killed a purple ugly thing
 11060 | D:12     | Reached **** piety under Qazlal
 11268 | D:12     | Noticed a hill giant
 11276 | D:12     | Killed a hill giant
 11427 | D:12     | Noticed a deep elf mage
 11444 | D:12     | Killed a deep elf mage
 11512 | D:13     | Noticed a hill giant
 11513 | D:13     | Noticed a wizard
 11519 | D:13     | Killed a hill giant
 11519 | D:13     | Reached skill level 5 in Invocations
 11523 | D:13     | Killed a wizard
 11523 | D:13     | Reached skill level 10 in Unarmed Combat
 11638 | D:13     | Reached XP level 12. HP: 55/114 MP: 16/16
 11978 | D:13     | Found a gate to the Vaults.
 12025 | D:13     | Noticed a centaur warrior
 12030 | D:13     | Killed a centaur warrior
 12168 | D:13     | Reached ***** piety under Qazlal
 12524 | D:14     | Noticed a rakshasa
 12536 | D:14     | Killed a rakshasa
 12568 | D:14     | Noticed a five-headed hydra
 12581 | D:14     | Killed a six-headed hydra
 12598 | D:14     | Reached skill level 11 in Unarmed Combat
 12725 | D:14     | Found Xamiolom's Antique Armour Boutique.
 12728 | D:14     | Bought a bloodstained plate armour for 924 gold pieces
 12728 | D:14     | Identified the cursed +0 plate armour of the Jabberwock {rPois Str+3} (You bought it in a shop on level 14 of the Dungeon)
 12738 | D:14     | Reached skill level 10 in Fighting
 12799 | D:14     | Noticed Nessos
 12817 | D:14     | Killed Nessos
 13146 | D:14     | Gained mutation: You are mostly covered in icy blue scales. (AC +3) [demonic ancestry]
 13146 | D:14     | Reached XP level 13. HP: 103/123 MP: 18/18
 13280 | D:15     | Entered Level 15 of the Dungeon
 13948 | D:15     | Reached skill level 12 in Unarmed Combat
 13958 | D:15     | Found a staircase to the Depths.
 14232 | D:14     | Bought a warped ring mail for 297 gold pieces
 14232 | D:14     | Identified the +2 ring mail of Honour {Regen+ Str-2 Int-5 SInv} (You bought it in a shop on level 14 of the Dungeon)
 14374 | Orc:1    | Entered Level 1 of the Orcish Mines
 14811 | Orc:2    | Entered Level 2 of the Orcish Mines
 14933 | Orc:1    | Noticed an orc warlord
 14958 | Orc:1    | Killed an orc warlord
 14958 | Orc:1    | Reached skill level 10 in Shields
 14965 | Orc:1    | Reached skill level 10 in Armour
 15048 | Orc:2    | Reached ****** piety under Qazlal
 15086 | Orc:2    | Paralysed by an orc sorcerer for 4 turns
 15093 | Orc:2    | Noticed Saint Roka
 15522 | Orc:2    | Killed Saint Roka
 15522 | Orc:2    | Gained mutation: You are completely covered in icy blue scales. (AC +4, rC+) [demonic ancestry]
 15522 | Orc:2    | Reached XP level 14. HP: 121/135 MP: 21/21
 15568 | Orc:2    | Found a roughly hewn altar of Beogh.
 15661 | Orc:2    | Found Zal Witt's Antique Armour Boutique.
 15744 | Orc:2    | Found Etisereg's Antique Weapon Boutique.
 15951 | Orc:2    | Found Tiunu Ebunn's Jewellery Boutique.
 15972 | Orc:2    | Found Acacekea's General Store.
 16141 | Orc:2    | Found a staircase to the Elven Halls.
 16460 | Lair:1   | Entered Level 1 of the Lair of Beasts
 16519 | Lair:1   | Reached skill level 10 in Invocations
 16670 | Lair:1   | Reached skill level 13 in Unarmed Combat
 18130 | Lair:3   | Found a staircase to the Shoals.
 18828 | Lair:4   | Found a hole to the Spider Nest.
 20052 | Lair:6   | Entered Level 6 of the Lair of Beasts
 20247 | Lair:6   | Reached XP level 15. HP: 110/144 MP: 23/23
 20441 | Lair:6   | Reached skill level 14 in Unarmed Combat
 20770 | Lair:6   | Found a staircase to the Slime Pits.
 20940 | Lair:6   | Learned a level 5 spell: Blade Hands
 20958 | Lair:6   | Reached skill level 1 in Spellcasting
 21196 | Lair:6   | Reached skill level 1 in Transmutations
 21643 | Orc:2    | Bought spiked swamp dragon scales for 1430 gold pieces
 21644 | Orc:2    | Identified the +8 swamp dragon scales "Tuan" {rPois rF+ MP+9} (You bought it in a shop on level 2 of the Orcish Mines)
 21815 | Shoals:1 | Entered Level 1 of the Shoals
 21948 | Shoals:1 | Noticed Aizul
 21972 | Shoals:1 | Killed Aizul
 21972 | Shoals:1 | Reached skill level 1 in Dodging
 22410 | Spider:1 | Entered Level 1 of the Spider Nest
 22570 | Spider:1 | Learned a level 1 spell: Beastly Appendage
 23458 | Spider:1 | Learned a level 1 spell: Confusing Touch
 23659 | Spider:1 | You fall through a shaft!
 23695 | Spider:2 | Reached skill level 1 in Hexes
 23936 | Spider:2 | Got a slimy trident
 23969 | Spider:2 | Noticed Arachne
 23984 | Spider:2 | Killed Arachne
 23984 | Spider:2 | Gained mutation: You regenerate health from kills. [demonic ancestry]
 23984 | Spider:2 | Reached XP level 16. HP: 140/153 MP: 25/25
 24077 | Spider:2 | Noticed Kirke
 24086 | Spider:2 | Killed Kirke
 26114 | Spider:4 | Entered Level 4 of the Spider Nest
 26239 | Spider:4 | Reached skill level 15 in Unarmed Combat
 27440 | Spider:4 | Gained mutation: A demonic guardian rushes to your aid. [demonic ancestry]
 27440 | Spider:4 | Reached XP level 17. HP: 86/162 MP: 18/26
 27911 | Spider:4 | Got a gossamer rune of Zot
 28378 | Vaults:1 | Entered Level 1 of the Vaults
 28968 | Vaults:1 | Reached skill level 5 in Dodging
 28973 | Vaults:1 | Noticed Nikola
 29012 | Vaults:1 | Killed Nikola
 29012 | Vaults:1 | Reached skill level 5 in Transmutations
 29122 | Vaults:1 | Reached skill level 5 in Hexes
 29371 | Vaults:1 | Noticed Asterion
 29386 | Vaults:1 | Killed Asterion
 30035 | Vaults:1 | Reached skill level 16 in Unarmed Combat
 30288 | Vaults:2 | Gained mutation: You regenerate a lot of health from kills. [demonic ancestry]
 30288 | Vaults:2 | Reached XP level 18. HP: 171/171 MP: 28/28
 30661 | Vaults:2 | Noticed a lich
 30672 | Vaults:2 | Noticed a Tzitzimitl
 30697 | Vaults:2 | Killed a lich
 31476 | Vaults:3 | Found Xuigaonn's Distillery.
 31484 | Vaults:3 | Bought a potion of beneficial mutation for 420 gold pieces
 31484 | Vaults:3 | Bought a potion of might for 48 gold pieces
 31484 | Vaults:3 | Bought a potion of curing for 36 gold pieces
 31484 | Vaults:3 | Gained mutation: You can translocate small distances at will. [potion of beneficial mutation]
 31544 | Vaults:3 | Found Tyxkabb's Armour Shoppe.
 31633 | Vaults:3 | Found a staircase to the Crypt.
 31633 | Vaults:3 | Found a basalt altar of Yredelemnul.
 31634 | Vaults:3 | Found an ancient bone altar of Kikubaaqudgha.
 31653 | Vaults:3 | Found a magical portal.
 31658 | WizLab   | Entered The Chambers of the Cloud Mage
 32063 | WizLab   | Noticed Ruhixautt
 32075 | WizLab   | Killed from afar by Ruhixautt the Cloud Mage

Skill      XL: |  1  2  3  4  5  6  7  8  9 10 11 12 13 14 15 16 17 18 |
---------------+-------------------------------------------------------+-----
Axes           | 2 3 4 5 |  5.1
Shields        | 3 4 5 6 7 8 9 10 11 12 13 | 13.1
Armour         | 3 4 5 6 7 8 9 10 11 12 13 | 13.3
Fighting       | 4 5 6 7 8 9 10 11 12 13 | 13.8
Unarmed Combat | 1 4 6 8 10 11 12 13 14 15 16 | 16.9
Invocations    | 1 5 7 9 11 12 14 | 14.8
Spellcasting   | 3 4 |  4.0
Transmutations | 2 4 5 |  5.0
Dodging        | 2 4 5 7 |  7.1
Hexes          | 1 3 5 |  5.0

Action                   |  1- 3 |  4- 6 |  7- 9 | 10-12 | 13-15 | 16-18 || total
-------------------------+-------+-------+-------+-------+-------+-------++-------
Melee: War axe           |   112 |   173 |    88 |       |       |       ||   373
       Kick              |       |     2 |   102 |   248 |   378 |   469 ||  1199
       Unarmed           |       |       |   259 |   656 |  1088 |  1333 ||  3336
       Broad axe         |       |       |       |     3 |       |       ||     3
Throw: Javelin           |       |       |       |       |     3 |       ||     3
 Cast: Confusing Touch   |       |       |       |       |       |     3 ||     3
Invok: Upheaval          |       |       |       |     1 |     7 |     7 ||    15
       Disaster Area     |       |       |       |       |     2 |       ||     2
       Elemental Force   |       |       |       |       |     2 |     2 ||     4
Evoke: Wand              |       |       |       |     4 |     1 |       ||     5
       Lamp of fire      |       |       |       |       |       |     1 ||     1
  Use: Potion            |     4 |     2 |     4 |     4 |     4 |     7 ||    25
       Scroll            |     1 |       |       |    22 |    10 |     3 ||    36
 Stab: Invisible         |       |       |     1 |       |       |       ||     1
       Distracted        |       |       |     1 |     3 |     3 |     4 ||    11
       Held in net/web   |       |       |       |       |       |     2 ||     2
       Confused          |       |       |       |       |       |     1 ||     1
  Eat: Chunk             |     2 |     6 |    12 |    17 |    31 |    23 ||    91
       Fruit             |       |       |     4 |       |     1 |     5 ||    10
       Pizza             |       |       |       |       |     3 |       ||     3
Armor: Scale mail        |    63 |    76 |   121 |       |       |       ||   260
       Chain mail        |       |       |    13 |   204 |   283 |       ||   500
       Swamp dragon scal |       |       |       |       |   100 |   397 ||   497
Dodge: Dodged            |    31 |    52 |    70 |    92 |   204 |   354 ||   803
       Deflected         |       |       |       |     2 |    13 |    21 ||    36
Block: Shield            |    59 |    79 |   116 |   384 |   969 |  1101 ||  2708
